AoeStats
← Bigcityboydn_™

Arabia

508410789Analyzed
1v1 RM · 10d ago on Sep 22, 2026· 20m 34s· 2 players
Game mode
Random Map
Map size
Tiny (2 player)
Population
200
Speed
Normal
Resources
Standard
Victory
Conquest
Starting age
Dark Age
Ending age
Imperial Age
RankedLock teamsTeams togetherTeam positionsShared explorationLock speedFull tech treeHidden civsTurbo modeCheats
Victory
Defeat
🇦🇷 Cumans · Argentina
1626
+13
🇹🇼 Italians · Taiwan
1558
-13
OnlyOuOb
6:59 Loom
9:02 Feudal Age
9:27 Man-at-Arms
11:07 Double-Bit Axe
20:41 Castle Age
19:01 Gold Mining
19:04 Horse Collar
20:19 Fletching
23:04 Castle Age
Bigcityboydn_™
6:40 Loom
9:05 Feudal Age
9:32 Double-Bit Axe
16:59 Horse Collar
17:28 Town Watch
Connection lost

Rejoining the realm…

Still unreachable

The connection could not be restored.

Session expired

The server has moved on; the page needs a fresh start.